AoeStats
← nicolasbsl52

Nomad

510523939Analyzed
4v4 RM · 1d ago on Oct 1, 2026· 39m 25s· 8 players
Game mode
Random Map
Map size
231×231
Population
200
Speed
Normal
Resources
Standard
Victory
Conquest
Starting age
Dark Age
Ending age
Imperial Age
RankedLock teamsTeams togetherTeam positionsShared explorationLock speedFull tech treeHidden civsTurbo modeCheats
Victory
Defeat
🇨🇭 Romans · Switzerland
516
+19
🇮🇳 Huns · India
514
+19
🇯🇵 Spanish · Japan
453
+22
🇮🇳 Persians · India
390
+24
🇨🇦 Byzantines · Canada
689
-24
🇨🇳 Vikings · China
655
-24
🇨🇳 Persians · China
654
-24
🇩🇰 Portuguese · Denmark
349
-12
nicolasbsl52
15:51 Feudal Age
23:21 Fishing Lines
27:51 Castle Age
26:26 Double-Bit Axe
26:29 Horse Collar
32:07 Gillnets
31:52 Man-at-Arms
32:51 Husbandry
33:02 Bloodlines
32:14 Light Cavalry
34:35 Long Swordsman
35:18 Squires
36:27 Medium Warships
37:02 Heavy Plow
37:24 Bow Saw
39:16 Gold Mining
39:17 Stone Mining
Kadyan
14:40 Loom
17:06 Feudal Age
19:04 Fishing Lines
20:38 Double-Bit Axe
22:32 Gold Mining
22:39 Stone Mining
29:38 Castle Age
27:58 Horse Collar
37:26 Imperial Age
37:19 Scale Barding Armor
37:14 Scale Mail Armor
39:18 Chain Barding Armor
39:10 Forging
40:00 Heavy Plow
betalbaadshah
3:51 Loom
16:41 Feudal Age
17:21 Double-Bit Axe
17:19 Horse Collar
17:33 Gold Mining
17:37 Stone Mining
17:50 Town Watch
21:31 Wheelbarrow
26:45 Castle Age
27:25 Scale Barding Armor
27:23 Padded Archer Armor
27:14 Fletching
29:43 Chain Barding Armor
29:39 Leather Archer Armor
29:20 Bodkin Arrow
38:56 Marauders
PremixedHail436
3:22 Loom
22:54 Feudal Age
22:58 Man-at-Arms
24:13 Arson
26:08 Wheelbarrow
25:52 Town Watch
26:08 Double-Bit Axe
27:05 Scale Mail Armor
27:09 Stone Mining
29:54 Gold Mining
30:07 Padded Archer Armor
30:08 Fletching
32:51 Fishing Lines
35:36 Castle Age
35:58 Scale Barding Armor
36:03 Forging
36:23 Bloodlines
THOR
17:53 Feudal Age
26:41 Castle Age
42:25 Imperial Age
1213350746
16:26 Feudal Age
16:56 Fishing Lines
17:20 Double-Bit Axe
18:26 Horse Collar
30:09 Castle Age
28:28 Gold Mining
31:22 Bow Saw
31:18 Heavy Plow
31:16 Gillnets
32:39 Gold Shaft Mining
32:20 Forging
32:02 Fletching
32:18 Scale Barding Armor
33:56 Bodkin Arrow
34:36 Iron Casting
34:22 Chain Barding Armor
34:04 Padded Archer Armor
34:05 Scale Mail Armor
weWETNKM
11:52 Loom
15:31 Feudal Age
17:05 Gold Mining
17:03 Fishing Lines
19:44 Castle Age
17:43 Double-Bit Axe
18:13 Bloodlines
18:09 Scale Barding Armor
18:14 Forging
dark fader
3:42 Loom
18:58 Feudal Age
19:18 Man-at-Arms
19:59 Horse Collar
20:07 Double-Bit Axe
20:40 Fishing Lines
21:42 Wheelbarrow
21:33 Arson
25:49 Castle Age
25:01 Gold Mining
25:19 Fletching
25:41 Forging
25:31 Scale Mail Armor
25:31 Padded Archer Armor
25:37 Scale Barding Armor
25:38 Stone Mining
26:59 Hand Cart
27:35 Gold Shaft Mining
26:57 Gillnets
26:32 Demolition Ship
28:27 Medium Warships
28:52 Bow Saw
29:21 Stone Shaft Mining
28:51 Caravan
29:21 Coinage
28:49 Bodkin Arrow
31:06 Iron Casting
32:01 Heavy Plow
32:29 Pikeman
33:10 Squires
36:10 Chain Barding Armor
38:26 Imperial Age
35:20 Long Swordsman
35:45 Gambesons
36:50 Ballistics
36:11 Treadmill Crane
38:10 Murder Holes
38:19 Husbandry
37:42 Elite Skirmisher
38:13 Light Cavalry
39:12 Halberdier
Connection lost

Rejoining the realm…

Still unreachable

The connection could not be restored.

Session expired

The server has moved on; the page needs a fresh start.